 Dungeon Crawl Stone Soup version 0.14-a0-1097-gc7db7fc (webtiles) character file.

190 MackTheKnife the Twirler (level 4, -5/38 HPs)
             Began as a Draconian Gladiator on Nov 28, 2013.
             Slain by Grinder (10 damage)
             ... while paralysed by Grinder
             ... on Level 2 of the Dungeon.
             The game lasted 00:04:54 (2674 turns).

MackTheKnife the Twirler (Draconian Gladiator)      Turns: 2674, Time: 00:04:54

HP  -5/38        AC  5     Str 17      XL: 4   Next: 73%
MP   3/3         EV  2     Int  9      God:
Gold 71          SH  0     Dex 12      Spells:  0 memorised,  3 levels left

rFire  . . .     SeeInvis +     a - +1 quarterstaff (curse)
rCold  . . .     Clarity  .     (armour unavailable)
rNeg   + . .     Conserve .     (no shield)
rPois  .         rCorr    .     c - +0 cap (curse)
rElec  .         rRot     .     (no cloak)
SustAb + .       Spirit   .     (no gloves)
rMut   .         Warding  +     (no boots)
Saprov . . .     Stasis   .     j - amulet of warding
                                u - ring of sustain abilities
                                g - ring of see invisible

@: paralysed, flying, slightly resistant to hostile enchantments, unstealthy
A: unfitting armour, AC +5
a: no special abilities


You were on level 2 of the Dungeon.
You were hungry.

You visited 1 branch of the dungeon, and saw 3 of its levels.

You collected 71 gold pieces.


   Skills:
 - Level 2.1 Fighting
 + Level 5.5 Staves
 - Level 1.7 Throwing
 - Level 2.6 Dodging


You had 3 spell levels left.
You didn't know any spells.

Inventory:

Hand weapons
 a - a cursed +1,+1 quarterstaff (weapon)
Missiles
 d - 3 throwing nets (quivered)
Armour
 c - a cursed +0 cap (worn)
Magical devices
 q - a wand of teleportation (0)
Comestibles
 f - 4 bread rations
 k - a cheese
 m - a meat ration
Jewellery
 g - a ring of see invisible (left hand)
 j - an amulet of warding (around neck)
 u - a ring of sustain abilities (right hand)
Potions
 e - a potion of curing
 h - a potion of beneficial mutation {unknown}
 i - a potion of flight
 l - a potion of might {unknown}
 p - a potion of magic {unknown}
 s - a potion of paralysis {unknown}
 t - a potion of heal wounds {unknown}
 x - a potion of agility {unknown}

▒·▒ ▒·▒ ▒·▒ ▒·▒ ▒·▒▒▒·▒ ▒···▒·▒
▒▒▒▒▒▒▒ ▒▒▒·▒·▒ ······▒
▒·▒·▒▒▒▒▒▒▒▒▒▒▒▒▒▒ ▒▒▒▒▒·▒
▒·▒··············▒ ▒·▒
▒·▒··············▒
▒▒▒▒▒·▒▒▒▒▒▒▒▒·▒d··········)··▒
···············o5·············▒
▒▒▒▒▒·▒▒▒▒▒▒▒▒▒▒··············▒
········<·····················▒
·▒▒▒·▒▒▒▒▒▒▒▒▒▒▒··(···········▒
·▒ ▒·▒ ▒··▒▒▒▒▒▒▒▒▒▒▒▒▒ ·▒ ▒·▒
▒··▒ ·▒ ▒·▒▒▒▒▒▒▒▒▒▒▒··▒ )▒
▒·▒········▒▒··▒


You could see Grinder and an orc.


Message History

Use on which item? (\ to view known items) (? for menu, Esc to quit)
Nothing appears to happen.
The orc hits you.
* * * LOW HITPOINT WARNING * * *
Grinder gestures at you. You resist.
You aren't carrying any spellbooks or scrolls.
Unknown command.
Drink which item? (? for menu, Esc to quit)
You feel very buoyant.
You fly up into the air.
It was a potion of flight.
The orc hits you.
* * * LOW HITPOINT WARNING * * *
Grinder gestures at you. Pain shoots through your body!
* * * LOW HITPOINT WARNING * * *
Drink which item? (? for menu, Esc to quit)
You feel better. The orc barely misses you. Grinder barely misses you.
The orc barely misses you.
Drink which item? (? for menu, Esc to quit)
It has a very clean taste.
It was a potion of cure mutation.
The orc misses you. Grinder gestures at you.
You suddenly lose the ability to move!
The orc hits you.
* * * LOW HITPOINT WARNING * * *
Grinder gestures at you. You resist. The orc hits you but does no damage.
Grinder hits you.
* * * LOW HITPOINT WARNING * * *
The orc completely misses you. Grinder hits you!
You die...

Action                   |  1- 3 |  4- 6 || total
-------------------------+-------+-------++-------
Melee: Quarterstaff      |   139 |    53 ||   192
Evoke: Wand              |       |     2 ||     2
  Use: Scroll            |     5 |    10 ||    15
       Potion            |       |     4 ||     4

Vault maps used:
D:1:      dpeg_entry_snail, minmay_cupped
D:2:      trog_three_pillars_becter, uniq_jessica
D:3:      enter_shallow_ziggurat_a, first_bread, trog_book,
          uniq_crazy_yiuf_cottage, uniq_grinder

Notes
Turn   | Place    | Note
--------------------------------------------------------------
     0 | D:1      | MackTheKnife, the Draconian Gladiator, began the quest for the Orb.
     0 | D:1      | Reached XP level 1. HP: 18/18 MP: 0/0
   261 | D:1      | Reached XP level 2. HP: 5/25 MP: 1/1
   700 | D:1      | Reached skill level 4 in Staves
   719 | D:1      | Reached XP level 3. HP: 19/30 MP: 2/2
  1236 | D:2      | Found a bloodstained altar of Trog.
  1334 | D:2      | Noticed Jessica
  1341 | D:2      | Killed Jessica
  1802 | D:3      | Reached skill level 5 in Staves
  1802 | D:3      | Reached XP level 4. HP: 19/38 MP: 3/3
  1817 | D:3      | Found a bloodstained altar of Trog.
  2026 | D:3      | Noticed Grinder
  2027 | D:3      | Paralysed by Grinder for 2 turns
  2051 | D:3      | Found a gateway to a ziggurat.
  2182 | D:3      | Paralysed by Grinder for 4 turns
  2193 | D:3      | Paralysed by Grinder for 2 turns
  2671 | D:2      | Paralysed by Grinder for 5 turns
  2674 | D:2      | Slain by Grinder

Vanquished Creatures
  Jessica (D:2)
  4 adders (D:3)
  3 giant geckos
  3 orcs
  2 ball pythons
  3 giant cockroaches
  6 hobgoblins
  9 jackals
  6 kobolds
  A quokka (D:2)
  10 bats
  4 giant newts
  5 goblins
  5 rats
62 creatures vanquished.
